 Dungeon Crawl Stone Soup version 0.29.0-5-ge4962eb29e (webtiles) character file.

Game seed: 10045614946881955642

7 xian the Sneak (level 2, -1/25 HPs)
             Began as a Djinni Delver on Aug 28, 2022.
             Slain by an orc
             ... wielding a +0 club
              (2 damage)
             ... on level 2 of the Dungeon.
             The game lasted 00:01:40 (230 turns).

xian the Sneak (Djinni Delver)                       Turns: 230, Time: 00:01:40

Health: -1/25      AC:  3    Str: 11    XL:     2   Next: 5%
Gold:   12         EV: 12    Int: 11    God:
                   SH:  0    Dex: 14

rFire   + + .      SeeInvis .   a - +0 falchion
rCold   x . .      Faith    .   (no shield)
rNeg    . . .      Spirit   .   b - +0 leather armour
rPois   ∞          Reflect  .   (no helmet)
rElec   .          Harm     .   (no cloak)
rCorr   .          Rampage  .   (no gloves)
Will    .....                   (boots unavailable)
Stlth   ++........              (no amulet)
HPRegen 0.08/turn               (no ring)
MPRegen 0.00/turn               (no ring)

@: flying
A: sickness immunity, fire resistance 2, cold vulnerability 1, float, innate
caster, HP casting, extra vitality 1
a: no special abilities


You were on level 2 of the Dungeon.
You visited 1 branch of the dungeon, and saw 4 of its levels.

You collected 12 gold pieces.

Inventory:

Hand Weapons
 a - a +0 falchion (weapon)
Armour
 b - a +0 leather armour (worn)
Wands
 g - a wand of digging (3)
Scrolls
 c - a scroll of fog
 d - a scroll of magic mapping
 e - a scroll of fear
 h - a scroll of teleportation {unknown}
Potions
 f - a potion of haste


   Skills:
 + Level 3.0 Fighting
 + Level 2.0 Long Blades
 + Level 2.2 Dodging
 + Level 4.2 Stealth


You had one spell level left.
You didn't know any spells.
Your spell library was empty.

Dungeon Overview and Level Annotations

Branches:
Dungeon (5/15)
 Temple: D:4-7

Altars:

Shops:
D:5 [


Innate Abilities, Weirdness & Mutations

You are immune to sickness and miasma.
You are immune to poison.
Your flesh is very heat resistant. (rF++)
You are vulnerable to cold. (rC-)
You float through the air rather than walking.
You learn spells naturally, not from books.
Your magical power is your life essence.
You have superior vitality. (+4 MHP)


Message History

The adder barely misses you. x2
Unknown command.
You see here a scroll labelled WESOSHR ZUYNU.
h - a scroll labelled WESOSHR ZUYNU The adder barely misses you.
The adder bites you. x2
An orc comes into view. It is wielding a +0 club.
Found a stone staircase leading up.
You need no library to learn spells.
The adder attacks as you move away! The adder completely misses you.
The orc shouts!
You hear a shout! x2
The adder barely misses you. The adder attacks as you move away!
The adder bites you but does no damage. The orc hits you with a +0 club.
A lemure comes into view.
The lemure shouts!
The orc hits you with a +0 club.
There is a stone staircase leading up here.
The adder bites you.
* * * LOW HITPOINT WARNING * * *
You fly upwards.
Found a scroll labelled WIANKU YXYPUO and a white potion.
Found two stone staircases leading up.
There is a stone staircase leading down here.
A jackal comes into view.
The adder closely misses you. The orc barely misses you.
The adder closely misses you. The adder attacks as you move away!
The adder completely misses you. The bat barely misses you.
The orc hits you with a +0 club.
* * * LOW HITPOINT WARNING * * *
The bat barely misses you.
There is a stone staircase leading up here.
The bat barely misses you. The orc hits you with a +0 club.
* * * LOW HITPOINT WARNING * * *
The adder closely misses you.
You fly upwards.
There is a stone staircase leading down here.
Okay, then.
You hit the orc but do no damage. The orc hits you with a +0 club.
You die...

#... ...
#.. ####
.. ...#
#.#...###
#.......##
#.o.g.....
#.@.....#
###...###
...# ####


You could see an orc and a hobgoblin (asleep).

Vanquished Creatures
  An ufetubus (D:5)
  A quokka (D:5)
2 creatures vanquished.

Vanquished Creatures (others)
  2 plants (D:4)
2 creatures vanquished.

Grand Total: 4 creatures vanquished

Notes
Turn   | Place    | Note
-------+----------+-------------------------------------------
     0 | D:5      | xian the Djinni Delver began the quest for the Orb.
     0 | D:5      | Reached XP level 1. HP: 20/20 MP: 0/0
    50 | D:5      | Found Riellegu's Antique Armour Shop.
    59 | D:5      | Reached XP level 2. HP: 22/25 MP: 0/0
   222 | D:4      | Noticed a lemure
   228 | D:3      | HP: 1/25 [orc/+0 club (1)]
   230 | D:2      | Slain by an orc

Illustrated notes

Levels and vault maps discovered:
D:2:      minmay_skewed_foursquare, layout_loops_corners
D:3:      layout_basic, grunt_temple_overflow_champion_of_chaos,
          nicolae_uskayaw_suspiria, nicolae_tso_besieged_by_evil, serial_shops,
          shop
D:4:      layout_loops_ring, minmay_temple_entry_statues_fountains,
          chequers_big_river, uniq_pikel
D:5:      layout_basic, nicolae_hepliaklqana_hazy_memory,
          nemelex_diamond_rough_becter, serial_shops,
          nicolae_shop_overgrown_old_shop, nicolae_square_shop, shop, shop,
          nicolae_lakefront_shop, minmay_pentangle

Skill      XL: |  1 |
---------------+----+-----
Long Blades    | 2 |  2.0
Fighting       | |  3.0
Dodging        | |  2.2
Stealth        | |  4.2

Action                   || total
-------------------------++-------
Melee: Falchion          ||    14
 Stab: Sleeping          ||     1
Armor: Leather armour    ||    11
Dodge: Dodged            ||    35
